 Dungeon Crawl Stone Soup version 0.31.0-32-g396128a36d (webtiles) character file.

Game seed: 7038599844242848927

35 Heoruswealwe the Conjurer (level 3, 19/19 HPs)
             Began as a Deep Elf Conjurer on Mar 8, 2024.
             Got out of the dungeon alive.
             The game lasted 00:06:06 (1035 turns).

Heoruswealwe the Conjurer (Deep Elf Conjurer)       Turns: 1035, Time: 00:06:07

Health: 19/19      AC:  2    Str:  4    XL:     3   Next: 16%
Magic:  10/10      EV: 12    Int: 24    God:
Gold:   107        SH:  0    Dex: 13    Spells: 7/10 levels left

rFire   . . .        (no weapon)
rCold   . . .        (no shield)
rNeg    . . .        c - +0 robe
rPois   .            (no helmet)
rElec   .            (no cloak)
rCorr   +            (no gloves)
SInv    .            (no boots)
Will    .....        (no amulet)
Stlth   ++           k - ring of resist corrosion
HPRegen 0.23/turn    (no ring)
MPRegen 0.12/turn

%: no passive effects
@: no status effects
A: no striking features
a: no special abilities


You escaped.
You visited 1 branch of the dungeon, and saw 1 of its levels.

You collected 107 gold pieces.

Inventory:

Armour
 c - a +0 robe (worn)
Jewellery
 k - a ring of resist corrosion (left hand)
Scrolls
 a - a scroll of brand weapon {unknown}
 d - a scroll of identify {unknown}
Potions
 b - a potion of magic
 e - a potion of enlightenment {unknown}
 f - a potion of heal wounds {unknown}
 g - a potion of ambrosia {unknown}


   Skills:
 - Level 2.4 Dodging
 - Level 2.4 Stealth
 + Level 4.1 Spellcasting
 + Level 5.0 Conjurations


You had 7 spell levels left.
You knew the following spells:

 Your Spells              Type           Power      Damage    Failure   Level
a - Magic Dart            Conj           100%       1d8       1%          1
b - Searing Ray           Conj           58%        2d6       1%          2

Your spell library contained the following spells:

 Spells                   Type           Power      Damage    Failure   Level
 Fulminant Prism          Conj/Alch      8%         3d7       34%         4
 Iskenderun's Mystic Bla  Conj/Tloc      17%        2d5       34%         4


Dungeon Overview and Level Annotations

Branches:
Dungeon (1/15)

Altars:


Message History

You see here a giant cockroach corpse.
Found an escape hatch in the floor.
A rat comes into view.
The magic dart hits the rat.
You kill the rat!
The eye of devastation turns its gaze towards you.
The glass eye turns its gaze towards you.
A kobold comes into view. It is wielding a +4 whip of pain.
The kobold shouts!
The magic dart hits the kobold.
The kobold is moderately wounded.
The magic dart hits the kobold.
You kill the kobold!
Things that are here:
a +4 whip of pain; 5 stones; a kobold corpse You now have 96 gold pieces (gained 11).
Found a sling.
You see here a +0 sling.
Things that are here:
a +4 whip of pain; 5 stones; a kobold corpse You now have 107 gold pieces (gained 11).
You see here 3 stones.
You see here a +0 dagger.
You see here a +0 club.
You enter the shallow water.
Moving in this stuff is going to be slow.
You enter the shallow water.
Moving in this stuff is going to be slow.
You see here a +0 club.
You see here a +0 dagger.
You see here 3 stones.
Partly explored, can't reach some places.
Partly explored, can't reach some places.
Partly explored, can't reach some places.
Partly explored, can't reach some places.
Partly explored, can't reach some places.
Partly explored, can't reach some places.
There is an open gate here.
There is a staircase leading out of the dungeon here.
You have escaped!

#.# #.....##...♣.♣.
#.######........♣.....
####..##.....#####♣#♣#
###....##.....# #..
###......##.....# #.#
###........##...### #.#
######......##..##.### #.#
##.'.......####..##.# #.#
#..'.....### #.@##.# #.#
#..'.......####..##.######### #.#
#.#####......##..#..........###.#
#.....###........##.#.##.##......
##.####.###......##.#.##........#
##.##.....###....##.#.#####..####
......###...###..##..........##..
##.##.# #..#.#######...#####.##.#
#.##.###..#.#.# #...# #.##.#


There were no monsters in sight!

Vanquished Creatures
  A dart slug (D:1)
  4 bats (D:1)
  3 endoplasms (D:1)
  2 giant cockroaches (D:1)
  6 goblins (D:1)
  3 hobgoblins (D:1)
  3 kobolds (D:1)
  A quokka (D:1)
  A frilled lizard (D:1)
  4 rats (D:1)
28 creatures vanquished.

Notes
Turn   | Place    | Note
-------+----------+-------------------------------------------
     0 | D:1      | Heoruswealwe the Deep Elf Conjurer began the quest for the
                  | Orb.
     0 | D:1      | Reached XP level 1. HP: 10/10 MP: 6/6
    55 | D:1      | Noticed a shining eye
    57 | D:1      | Found a faded altar of an unknown god.
    61 | D:1      | Noticed an eye of devastation
    61 | D:1      | Noticed a glass eye
    61 | D:1      | Noticed a glass eye
   107 | D:1      | Reached XP level 2. HP: 6/15 MP: 0/8
   110 | D:1      | Learned a level 2 spell: Searing Ray
   483 | D:1      | Reached skill level 5 in Conjurations
   483 | D:1      | Reached XP level 3. HP: 19/19 MP: 6/10
  1035 | D:$      | Got out of the dungeon alive.

Illustrated notes

Levels and vault maps discovered:
D:1:      lemuel_arrival_funnel, layout_loops_cross,
          hellmonk_ecumenical_altar_watching_god, serial_forest,
          infiniplex_forest_clump_long, infiniplex_forest_pool,
          infiniplex_forest_straight_5, infiniplex_forest_lined_ring,
          infiniplex_forest_lined_1, infiniplex_forest_zigzag_1,
          infiniplex_forest_lined_4_way

Skill      XL: |  1  2 |
---------------+-------+-----
Spellcasting   | 4 |  4.1
Conjurations   | 5 |  5.0
Dodging        | |  2.4
Stealth        | |  2.4

Action                     || total
---------------------------++-------
  Melee: Unarmed           ||    13
   Cast: Magic Dart        ||    47
 Armour: Robe              ||    17
  Dodge: Dodged            ||    27
